 Dungeon Crawl Stone Soup version 0.24.0-2-g5b39cebb1c (webtiles) character file.

Game seed: 4527764361055637087, levelgen mode: deterministic

23 Mrkan the Conjurer (level 2, 0/23 HPs)
             Began as a Draconian Conjurer on Oct 31, 2019.
             Slain by a worm (10 damage)
             ... on level 2 of the Dungeon.
             The game lasted 00:03:11 (1049 turns).

Mrkan the Conjurer (Draconian Conjurer)             Turns: 1049, Time: 00:03:12

Health: 0/23       AC:  4    Str: 10    XL:     2   Next: 75%
Magic:  5/5        EV: 12    Int: 15    God:
Gold:   69         SH:  0    Dex: 11    Spells: 5/6 levels left

rFire    . . .     SeeInvis .   a - -3 spear (curse)
rCold    . . .     Gourm    .   (no shield)
rNeg     . . .     Faith    .   (armour unavailable)
rPois    .         Spirit   .   (helmet restricted)
rElec    .         Reflect  .   (no cloak)
rCorr    .         Harm     .   (no gloves)
MR       .....                  (no boots)
Stlth    ++........             (no amulet)
HPRegen  0.07/turn              (no ring)
MPRegen  0.09/turn              (no ring)

@: no status effects
A: unfitting armour, cold-blooded, AC +4
a: no special abilities


You were on level 2 of the Dungeon.
You were hungry.

You visited 1 branch of the dungeon, and saw 2 of its levels.

You collected 69 gold pieces.

Inventory:

Hand Weapons
 a - a cursed -3 spear (weapon)
Potions
 c - a potion of ambrosia {unknown}
 h - a potion of magic {unknown}
Comestibles
 b - 2 rations
 f - a chunk of flesh


   Skills:
 + Level 1.1 Fighting
 + Level 2.1 Dodging
 - Level 1.7 Stealth
 * Level 2.6 Spellcasting
 - Level 4.0 Conjurations


You had 5 spell levels left.
You knew the following spells:

 Your Spells              Type           Power        Failure   Level  Hunger
a - Magic Dart            Conj           ##..         4%          1    #......

Your spell library contained the following spells:

 Spells                   Type           Power        Failure   Level  Hunger
 Searing Ray              Conj           ##....       6%          2    ##.....
 Dazzling Spray           Conj/Hex       #.....       28%         3    ###....
 Iskenderun's Mystic Bla  Conj           ##......     38%         4    #####..
 Force Lance              Conj/Tloc      #.......     67%         4    #####..
 Fulminant Prism          Conj/Hex       #.........   67%         4    #####..


Dungeon Overview and Level Annotations

Branches:
Dungeon (2/15)

Altars:


Innate Abilities, Weirdness & Mutations

Your plain brown scales are hard. (AC +4)
You cannot fit into any form of body armour.
You are cold-blooded and may be slowed by cold attacks.


Message History

You hit the worm.
The worm is severely wounded.
The goblin barely misses you.
The frilled lizard bites you but does no damage.
You barely miss the worm.
The worm is severely wounded.
The goblin misses you.
The frilled lizard unfolds its giant frill.
The frilled lizard bites you. The worm bites you but does no damage.
The goblin completely misses you.
You hit the worm but do no damage. You tail-slap the worm.
The worm is severely wounded.
The frilled lizard closely misses you. The goblin misses you.
The frilled lizard bites you but does no damage.
The worm bites you.
You hit the worm.
The worm is severely wounded.
The goblin misses you. The frilled lizard bites you. The worm bites you!
You die...

##.
....##.....#
....
....#.....#
...##...#.....#
#.......#.....#
#....#(...#
..#....#....#
....#>.......#
#........wgl..#
###......#@...#
#......>....#
#...........#
##..........#
#......######
#?.(..<.....#
..............#
##....#.......#
###..........#


You could see a worm, a goblin and a frilled lizard.

Vanquished Creatures
  A dart slug (D:1)
  A leopard gecko (D:1)
  2 bats (D:1)
  A giant cockroach (D:1)
  4 goblins (D:1)
  2 hobgoblins (D:1)
  3 kobolds (D:1)
  A ball python (D:1)
  A frilled lizard (D:1)
  2 rats (D:1)
18 creatures vanquished.

Notes
Turn   | Place    | Note
-------+----------+-------------------------------------------
     0 | D:1      | Mrkan the Draconian Conjurer began the quest for the Orb.
     0 | D:1      | Reached XP level 1. HP: 14/14 MP: 3/3
   101 | D:1      | Reached XP level 2. HP: 20/22 MP: 5/5
   183 | D:1      | Reached skill level 1 in Fighting
  1049 | D:2      | Slain by a worm

Levels and vault maps discovered:
D:1:      mrwooster_arrival_statue, layout_rooms, grunt_decor_clamped
D:2:      layout_rooms

Skill      XL: |  1  2 |
---------------+-------+-----
Dodging        | 2 |  2.1
Fighting       | 1 |  1.1
Stealth        | |  1.7
Spellcasting   | |  2.6
Conjurations   | |  4.0

Action                   || total
-------------------------++-------
Melee: Spear             ||    87
       Tailslap          ||    11
       Unarmed           ||     1
 Cast: Magic Dart        ||     3
  Use: Scroll            ||     5
 Stab: Sleeping          ||     1
Armor: Skin              ||    40
Dodge: Dodged            ||    80
